 Dungeon Crawl Stone Soup version 0.20.1-1-g8b1a95d (webtiles) character file.

1801 JustSomeDude the Vandal (level 8, -13/61 HPs)
             Began as a Demonspawn Fighter on Aug 25, 2017.
             Was an Initiate of Gozag.
             Mangled by Grum
             ... wielding a -2 spear of freezing
              (14 damage)
             ... on level 8 of the Dungeon.
             The game lasted 00:26:01 (6279 turns).

JustSomeDude the Vandal (Demonspawn Fighter)        Turns: 6279, Time: 00:26:03

Health: -13/61     AC:  1    Str: 15 (17) XL:     8   Next: 83%
Magic:  8/8        EV: 11    Int:  8 (11) God:    Gozag
Gold:   340        SH:  9    Dex: 10 (13) Spells: 7/7 levels left

rFire    . . .     SeeInvis .   z - +2 dagger (elec)
rCold    . . .     Gourm    +   c - +0 shield
rNeg     . . .     Faith    .   (no armour)
rPois    +         Spirit   .   (helmet restricted)
rElec    .         Reflect  .   (no cloak)
rCorr    .         Harm     .   J - +0 pair of gloves
MR       .....                  (no boots)
Stlth    +++.......             n - amulet of the gourmand
Regen    0.2/turn               y - ring of poison resistance
MPRegen  0.2/turn               (no ring)

@: about to teleport
A: horns 1, nightstalker 1
a: Potion Petition, Call Merchant, Bribe Branch, Renounce Religion


You were on level 8 of the Dungeon.
You worshipped Gozag.
Gozag was aware of your devotion.
You were not hungry.

You visited 2 branches of the dungeon, and saw 9 of its levels.

You collected 658 gold pieces.
You spent 216 gold pieces at shops.
You paid 102 gold pieces to Gozag.

Inventory:

Hand Weapons
 a - a +0 trident
 m - a +0 dagger of venom
 z - a +2 dagger of electrocution (weapon)
 F - the +4 hunting sling of Roneicrusu {flame, rN+ Dex+3 SInv}
   (You found it on level 6 of the Dungeon)

   It causes projectiles fired from it to burn those they strike, causing extra
   injury to most foes and up to half again as much damage against particularly
   susceptible opponents.
   It affects your dexterity (+3).
   It protects you from negative energy.
   It lets you see invisible.
Missiles
 r - 76 stones (quivered)
Armour
 b - a +2 ring mail of poison resistance
 c - a +0 shield (worn)
 l - a +0 leather armour
 J - a +0 pair of gloves (worn)
Jewellery
 n - an amulet of the gourmand (around neck)
 y - a ring of poison resistance (left hand)
Wands
 A - a wand of flame (34/48)
 I - a wand of flame (24/48)
Scrolls
 e - 3 scrolls of teleportation
 h - 2 scrolls of blinking {unknown}
 i - 7 scrolls of remove curse {unknown}
 j - 5 scrolls of identify
 o - a scroll of amnesia {unknown}
 p - a scroll of fog {unknown}
 t - 2 scrolls of enchant weapon {unknown}
 x - 2 scrolls of magic mapping {unknown}
 E - a scroll of noise {unknown}
 G - a scroll of enchant armour {unknown}
 H - a scroll of immolation {unknown}
 L - a scroll of random uselessness {unknown}
Potions
 d - 5 potions of curing
 g - a potion of magic {unknown}
 k - a potion of invisibility {unknown}
 s - 2 potions of degeneration
 u - a potion of lignification {unknown}
 w - 2 potions of mutation {unknown}
 D - a potion of flight {unknown}
 M - a potion of ambrosia {unknown}
Books
 C - a book of Conjurations

   Spells                             Type                      Level
   a - Magic Dart                     Conjuration                  1
   b - Searing Ray                    Conjuration                  2
   c - Dazzling Spray                 Conjuration/Hexes            3
   d - Fulminant Prism                Conjuration/Hexes            4
   e - Force Lance                    Conjuration/Translocation    4
   f - Iskenderun's Mystic Blast      Conjuration                  4
 K - a book of Cantrips

   Spells                             Type                      Level
   a - Confusing Touch                Hexes                        1
   b - Animate Skeleton               Necromancy                   1
   c - Summon Small Mammal            Summoning                    1
   d - Apportation                    Translocation                1
Comestibles
 f - 7 bread rations
 q - 3 fruits
 v - 6 meat rations
 B - 6 royal jellies


   Skills:
 + Level 4.6 Fighting
 + Level 3.2 Short Blades
 + Level 2.1 Polearms
 + Level 5.5 Slings
 + Level 4.5 Armour
 + Level 3.4 Dodging
 + Level 2.1 Stealth
 + Level 5.0 Shields
 + Level 0.2 Evocations


You had 7 spell levels left.
You didn't know any spells.

Dungeon Overview and Level Annotations

Branches:
Dungeon (8/15)             Temple (1/1) D:7
   Lair: D:8-11

Altars:
Ashenzari
Cheibriados
Dithmenos
Fedhas
Gozag
Hepliaklqana
Kikubaaqudgha
Nemelex Xobeh
Qazlal
Ru
Sif Muna
Trog
Uskayaw
Vehumet
Xom
Zin
The Shining One

Shops:
D:7 %

Annotations:
D:5 hilaritas's ghost, novice BaIE
D:8 Grum


Innate Abilities, Weirdness & Mutations

You have a pair of small horns on your head.
You are slightly more attuned to the shadows.


Message History

It was a potion of degeneration.
There was something very wrong with that liquid.
You feel weakened.
You feel dopey.
You feel clumsy. The wolf bites you!
You feel better. The wolf closely misses you. The wolf bites you!
The +4 hunting sling of Roneicrusu {flame, rN+ Dex+3 SInv} stops flaming.
You hear the crackle of electricity.
z - a +2 dagger of electrocution (weapon)
The wolf barely misses you. The wolf bites you.
* * * LOW HITPOINT WARNING * * *
You block Grum's attack.
As you read the scroll of teleportation, it crumbles to dust.
You feel strangely unstable. The wolf bites you!
* * * LOW HITPOINT WARNING * * *
The wolf closely misses you. The wolf bites you!
* * * LOW HITPOINT WARNING * * *
You block the wolf's attack.
Grum hits you from afar with a spear of freezing!
You die...
Your body crumbles into a pile of gold.

..........## ###.>.
.............
#.........#
#..........#......
##....(....
.#....##...........
##......#..
..........####.##.#
.......#... ..?......
#.##.# .......#....
.........####.##.#
#..........##.##.# ...
#.h..#..>......... ....
#@#.##............
.....#h#.##.#..........
...#g#.##............
#.#h................
(###./......#......####
..(((...##.##......#
..#........##......# .
#........##......# $
#.......###.......#


You could see Grum and 3 wolves.

Vanquished Creatures
  A hungry ghost (D:7)
  A sky beast (D:7)
  A phantom (D:4)
  A necrophage (D:7)
  2 ogres
  3 bullfrogs
  A wyvern skeleton (D:8)
  A wyvern zombie (D:7)
  A scorpion (D:8)
  3 howler monkeys
  A centaur zombie (D:8)
  A crimson imp (D:7)
  4 orc wizards
  3 hounds
  A jelly (D:6)
  2 iguanas (D:7)
  4 worker ants
  Natasha (thrice) (D:2)
  A hound zombie (D:6)
  Robin (D:2)
  2 worker ant zombies
  6 adders
  3 gnolls (D:3)
  An ooze (D:1)
  An adder zombie (D:5)
  2 adder skeletons
  2 worms (D:3)
  3 dart slugs
  5 leopard geckos
  20 orcs
  2 ball pythons (D:1)
  3 bats
  5 giant cockroaches
  7 hobgoblins
  6 kobolds
  2 quokkas
  2 frilled lizards
  9 goblins
  A leopard gecko skeleton (D:6)
  9 rats
127 creatures vanquished.

Notes
Turn   | Place    | Note
-------+----------+-------------------------------------------
     0 | D:1      | JustSomeDude the Demonspawn Fighter began the quest for the Orb.
     0 | D:1      | Reached XP level 1. HP: 18/18 MP: 1/1
   304 | D:1      | Gained mutation: You are slightly more attuned to the shadows. [demonic ancestry]
   304 | D:1      | Reached XP level 2. HP: 24/24 MP: 2/2
   930 | D:2      | Noticed Robin
   934 | D:2      | Reached XP level 3. HP: 29/29 MP: 3/3
   961 | D:2      | Killed Robin
   975 | D:2      | Reached skill level 1 in Short Blades
  1035 | D:2      | Noticed Natasha
  1043 | D:2      | Killed Natasha
  1043 | D:2      | Reached XP level 4. HP: 12/35 MP: 4/4
  1401 | D:3      | Reached skill level 1 in Dodging
  1506 | D:2      | Noticed Natasha
  1520 | D:2      | Killed Natasha
  1596 | D:2      | Noticed Natasha
  1616 | D:2      | HP: 1/36 [Natasha (1)]
  1618 | D:2      | Killed Natasha
  1618 | D:2      | Gained mutation: You have a pair of small horns on your head. [demonic ancestry]
  1618 | D:2      | Reached XP level 5. HP: 2/41 MP: 5/5
  2641 | D:3      | Reached XP level 6. HP: 17/48 MP: 6/6
  3154 | D:4      | Reached skill level 1 in Slings
  3282 | D:4      | Reached skill level 1 in Stealth
  3282 | D:4      | Reached XP level 7. HP: 39/53 MP: 7/7
  4103 | D:5      | Entered Level 5 of the Dungeon
  4129 | D:5      | Found an opulent altar of Gozag.
  4179 | D:5      | Became a worshipper of Gozag Ym Sagoz the Greedy
  4309 | D:5      | Noticed hilaritas's ghost (novice BaIE)
  4670 | D:6      | Got a brightly glowing hunting sling
  4672 | D:6      | Identified the +4 hunting sling of Roneicrusu {flame, rN+ Dex+3 SInv} (You found it on level 6 of the Dungeon)
  4737 | D:6      | Reached XP level 8. HP: 50/60 MP: 8/8
  5372 | D:7      | Found Jarevul's Food Shop.
  5400 | D:7      | Bought a royal jelly for 24 gold pieces
  5400 | D:7      | Bought a royal jelly for 24 gold pieces
  5400 | D:7      | Bought a royal jelly for 24 gold pieces
  5400 | D:7      | Bought a meat ration for 60 gold pieces
  5400 | D:7      | Bought a meat ration for 60 gold pieces
  5400 | D:7      | Bought a royal jelly for 24 gold pieces
  5695 | D:7      | Found a staircase to the Ecumenical Temple.
  5705 | D:7      | Reached skill level 5 in Slings
  5724 | Temple   | Entered the Ecumenical Temple
  6158 | D:8      | Reached skill level 5 in Shields
  6175 | D:8      | Found a shadowy altar of Dithmenos.
  6265 | D:8      | Noticed Grum
  6279 | D:8      | HP: 1/61 [wolf[Grum] (8)]
  6279 | D:8      | Mangled by Grum

Skill      XL: |  1  2  3  4  5  6  7  8 |
---------------+-------------------------+-----
Armour         | 3 4 |  4.5
Polearms       | 2 |  2.1
Short Blades   | 1 2 3 |  3.2
Shields        | 3 4 5 |  5.0
Dodging        | 1 2 3 |  3.4
Slings         | 2 3 5 |  5.5
Stealth        | 1 2 |  2.1
Fighting       | 4 |  4.6
Evocations     | |  0.2

Action                   |  1- 3 |  4- 6 |  7- 9 || total
-------------------------+-------+-------+-------++-------
Melee: Trident           |    36 |       |       ||    36
       Dagger            |    76 |   177 |   162 ||   415
       Headbutt          |       |    28 |    36 ||    64
 Fire: Hunting sling     |       |    31 |   110 ||   141
Evoke: Wand              |       |       |     2 ||     2
  Use: Potion            |     1 |     2 |     2 ||     5
       Scroll            |       |       |     7 ||     7
 Stab: Sleeping          |       |     1 |     3 ||     4
  Eat: Chunk             |     1 |    17 |     3 ||    21
Armor: Scale mail        |    33 |    10 |       ||    43
       Leather armour    |       |    11 |    17 ||    28
       Skin              |       |       |     1 ||     1
Dodge: Dodged            |    34 |    41 |    70 ||   145
Block: Shield            |    45 |    64 |    83 ||   192
